 Dungeon Crawl Stone Soup version 0.30-a0-691-g754fce4c43 (webtiles) character file.

Game seed: 10228232613412047828

12616 Fenrisus the Fighter (level 12, -14/105 HPs)
             Began as a Formicid Hunter on Jan 19, 2023.
             Was an Initiate of Gozag.
             Demolished by a two-headed ogre
             ... wielding a +0 giant club
              (22 damage)
             ... on level 1 of the Orcish Mines.
             The game lasted 01:29:49 (11482 turns).

Fenrisus the Fighter (Formicid Hunter)             Turns: 11482, Time: 01:29:49

Health: -14/105    AC: 15    Str: 15    XL:     12   Next: 22%
Magic:  12/12      EV: 11    Int: 12    God:    Gozag
Gold:   2059       SH: 27    Dex: 27    Spells: 11/11 levels left

rFire   + . .      SeeInvis +    G - +10 trident "Gytseenil" {freeze, rN++}
rCold   + + .      Faith    .    r - +8 tower shield of the Hidden Vale {rC+ rN+ rCorr}
rNeg    + + +      Spirit   .    x - +0 plate armour of the Quick Shrike {rN+ Str-4 Dex+3}
rPois   +          Reflect  +    (helmet unavailable)
rElec   +          Harm     .    (no cloak)
rCorr   +          Rampage  +    (no gloves)
Will    ++...                    A - +0 pair of boots {rampage} Stlth
                                 i - amulet of reflection
HPRegen 0.37/turn                f - +6 ring of dexterity
MPRegen 0.13/turn                I - +5 ring of evasion

@: resistant, studying Fighting
A: permanent stasis, dig shafts and tunnels, antennae 3, four strong arms,
clever 1, strong-willed 1, wild magic 1
a: Dig, Shaft Self, Renounce Religion, Potion Petition, Call Merchant, Bribe
Branch


You were on level 1 of the Orcish Mines.
You worshipped Gozag.
Gozag was most pleased with you.
You visited 3 branches of the dungeon, and saw 12 of its levels.
You also visited: Sewer and Bailey.

You collected 2684 gold pieces.
You spent 276 gold pieces at shops.
You paid 349 gold pieces to Gozag.

Inventory:

Hand Weapons
 a - a +3 shortbow of flaming
 d - a +2 arbalest of chaos
 G - the +10 trident "Gytseenil" (weapon) {freeze, rN++}
   (You found it on level 6 of the Dungeon)

   rN:        It greatly protects you from negative energy.
 M - a +4 antimagic triple sword
Missiles
 c - a throwing net
Armour
 g - a +3 scale mail of cold resistance
 r - the +8 tower shield of the Hidden Vale (worn) {rC+ rN+ rCorr}
   (You acquired it on level 2 of the Dungeon)

   rC:        It protects you from cold.
   rN:        It protects you from negative energy.
   rCorr:     It protects you from acid and corrosion.
 x - the +0 plate armour of the Quick Shrike (worn) {rN+ Str-4 Dex+3}
   (You found it on level 4 of the Dungeon)

   Str:       It affects your strength (-4).
   Dex:       It affects your dexterity (+3).
   rN:        It protects you from negative energy.
 A - a +0 pair of boots of rampaging (worn)
 E - a +1 kite shield of protection
Jewellery
 f - a +6 ring of dexterity (left hand)
 h - a ring of magical power
 i - an amulet of reflection (around neck)
 k - a +6 ring of intelligence
 w - a ring of poison resistance
 D - a +4 ring of protection
 F - an amulet of magic regeneration
 I - a +5 ring of evasion (right hand)
 J - a ring of willpower
Wands
 L - a wand of paralysis (4)
Scrolls
 b - 2 scrolls of immolation
 s - a scroll of silence
 C - 2 scrolls of amnesia
 K - a scroll of fog
Potions
 e - a potion of flight {unknown}
 l - 2 potions of magic
 n - a potion of cancellation {unknown}
 t - 2 potions of brilliance
 u - 2 potions of mutation


   Skills:
 + Level 13.3 Fighting
 + Level 7.2 Polearms
 + Level 7.0 Ranged Weapons
 + Level 8.9 Armour
 + Level 8.6 Dodging
 - Level 5.2 Stealth


You had 11 spell levels left.
You didn't know any spells.
Your spell library contained the following spells:

 Spells                   Type           Power      Damage    Failure   Level
 Apportation              Tloc           0%         N/A       100%        1
 Beastly Appendage        Tmut           0%         N/A       100%        1
 Shock                    Conj/Air       0%         1d3       100%        1
 Wereblood                Tmut           0%         N/A       100%        2
 Dazzling Flash           Conj/Hex       0%         N/A       100%        3
 Ozocubu's Armour         Ice            0%         N/A       100%        3
 Spider Form              Tmut/Pois      0%         N/A       100%        3
 Tukima's Dance           Hex            0%         N/A       100%        3
 Airstrike                Air            0%         2d(0-16)  100%        4
 Passage of Golubria      Tloc           0%         N/A       100%        4
 Summon Lightning Spire   Summ/Air       0%         N/A       100%        4
 Agony                    Necr           0%         N/A       100%        5
 Alistair's Intoxication  Tmut/Pois      0%         N/A       100%        5
 Lightning Bolt           Conj/Air       0%         1d11      100%        5
 Metabolic Englaciation   Hex/Ice        0%         N/A       100%        5
 Silence                  Hex/Air        0%         N/A       100%        5
 Yara's Violent Unravell  Hex/Tmut       0%         3d3       100%        5
 Enfeeble                 Hex            0%         N/A       100%        7
 Swiftness                Air            Unusable   N/A       N/A         3
 Simulacrum               Ice/Necr       Unusable   N/A       N/A         6

Dungeon Overview and Level Annotations

Branches:
Dungeon (9/15)             Temple (1/1) D:7             Orc (2/2) D:9
  Sewer (visited)          Bailey (visited)
   Lair: D:8-11         Elf: Orc:2

Altars:
Ashenzari
Cheibriados
Dithmenos
Elyvilon
Fedhas
Gozag
Hepliaklqana
Kikubaaqudgha
Makhleb
Nemelex Xobeh
Okawaru
Qazlal
Ru
Sif Muna
Trog
Uskayaw
Vehumet
Wu Jian
Xom
Yredelemnul
Zin
The Shining One

Shops:
D:1 [   D:4 (   D:9 !

Annotations:
D:3 Sigmund


Innate Abilities, Weirdness & Mutations

You cannot be hasted, slowed, berserked, paralysed or teleported.
You can dig through walls and to a lower floor.
You have a pair of large antennae on your head. (SInv)
Your four strong arms can wield two-handed weapons with a shield.
Your mind is acute. (Int +4, Str/Dex -1)
You are strong-willed. (Will+)
Your spells are a little harder to cast, but a little more powerful.


Message History

There is a stone staircase leading down here.
You feel protected.
You block the two-headed ogre's attack. x3
The two-headed ogre hits you with a +0 giant club.
Aiming: Paralyse
Press: ? - help, Q - select action, (/) - cycle Shift-Dir - straight line, f - two-headed ogre
Aim: a two-headed ogre, wielding two +0 giant clubs (chance to affect: 31%)
The two-headed ogre easily resists.
You block the two-headed ogre's attack.
The two-headed ogre hits you but does no damage.
You barely miss the two-headed ogre.
The two-headed ogre hits you with a +0 giant club!
You block the two-headed ogre's attack.
You puncture the two-headed ogre! You freeze the two-headed ogre.
The two-headed ogre is moderately wounded.
The two-headed ogre hits you but does no damage.
You block the two-headed ogre's attack. The two-headed ogre barely misses you.
The two-headed ogre hits you with a +0 giant club!!
* * * LOW HITPOINT WARNING * * *
You hit the two-headed ogre. You freeze the two-headed ogre.
The two-headed ogre is moderately wounded.
You block the two-headed ogre's attack. x3
The two-headed ogre hits you with a +0 giant club!
* * * LOW HITPOINT WARNING * * *
You puncture the two-headed ogre! You freeze the two-headed ogre.
The two-headed ogre is heavily wounded.
The two-headed ogre hits you with a +0 giant club.
* * * LOW HITPOINT WARNING * * *
You block the two-headed ogre's attack. x2
The two-headed ogre hits you with a +0 giant club.
* * * LOW HITPOINT WARNING * * *
You puncture the two-headed ogre! You freeze the two-headed ogre.
The two-headed ogre is severely wounded.
You block the two-headed ogre's attack. x3
The two-headed ogre hits you but does no damage.
You barely miss the two-headed ogre.
The two-headed ogre is severely wounded.
The two-headed ogre hits you with a +0 giant club!!
You die...
Your body crumbles into a pile of gold.

##.##.#...#........##
#...##............##
##.................#
####.#................##
##.#....................#
#.......................#
##......##......).......#
##............)O).....##
#.............O@$.....##
#......................#
#......................#
##....................##
##...................##
#.......#............#
#...........#........#
##......#..##.......##
##......###.........#


You could see 2 two-headed ogres.

Vanquished Creatures
  Harold (D:9)
  2 two-headed ogres
  An orc knight (Orc:1)
  An orc sorcerer (Orc:2)
  A cyclops (Orc:1)
  2 trolls
  2 hornets (D:8)
  Grinder (D:3)
  2 shadows (D:9)
  A wyvern (D:8)
  3 yaks (D:8)
  A wraith (D:9)
  3 steam dragons
  4 wargs
  A water moccasin (D:8)
  23 orc warriors
  2 ice beasts
  A sky beast (D:7)
  A black bear (D:5)
  6 ogres
  11 centaurs
  3 kobold brigands
  A phantom (D:5)
  8 bullfrogs
  A gnoll sergeant (D:6)
  2 scorpions
  4 wights (D:7)
  5 killer bees
  5 howler monkeys
  2 hounds
  A jelly (D:4)
  8 orc priests
  2 gnoll boudas
  Jessica (D:3)
  An iguana (D:5)
  15 orc wizards
  Robin (D:2)
  2 adders
  14 gnolls
  2 shadow imps (D:5)
  3 worms
  A dart slug (D:4)
  69 orcs
  8 endoplasms
  2 giant cockroaches (D:4)
  14 goblins
  9 hobgoblins
  3 jackals (D:1)
  17 kobolds
  4 quokkas
  10 ball pythons
  8 bats
  6 frilled lizards
  11 rats
313 creatures vanquished.

Vanquished Creatures (others)
  7 toadstools (D:1)
7 creatures vanquished.

Grand Total: 320 creatures vanquished

Notes
Turn   | Place    | Note
-------+----------+-------------------------------------------
     0 | D:1      | Fenrisus the Formicid Hunter began the quest for the Orb.
     0 | D:1      | Reached XP level 1. HP: 16/16 MP: 1/1
   153 | D:1      | Reached XP level 2. HP: 14/23 MP: 2/2
   369 | D:1      | Found a faded altar of an unknown god.
   506 | D:1      | Found Gush's Armour Shoppe.
   576 | D:1      | Reached XP level 3. HP: 28/28 MP: 3/3
   903 | D:2      | Identified a scroll of acquirement
   903 | D:2      | Acquired the +8 tower shield of the Hidden Vale {rC+ rN+
                  | rCorr}
  1580 | D:2      | Reached XP level 4. HP: 34/34 MP: 4/4
  1582 | D:2      | Noticed Robin
  1632 | D:2      | Killed Robin
  1633 | D:2      | Reached skill level 3 in Fighting
  1884 | D:3      | Noticed Grinder
  1897 | D:3      | Killed Grinder
  1898 | D:3      | Reached skill level 5 in Ranged Weapons
  1898 | D:3      | Reached XP level 5. HP: 40/42 MP: 5/5
  1898 | D:3      | Reached XP level 6. HP: 46/48 MP: 6/6
  2041 | D:3      | Noticed Jessica
  2048 | D:3      | Killed Jessica
  2049 | D:3      | Reached skill level 4 in Fighting
  2753 | D:3      | Noticed Sigmund
  3229 | D:4      | Found Qaikouc's Weapon Shop.
  3354 | D:4      | Reached XP level 7. HP: 30/54 MP: 7/7
  3533 | D:4      | Found a glowing golden altar of the Shining One.
  3639 | D:4      | Found a glowing drain.
  3643 | Sewer    | Entered a sewer
  3938 | D:4      | Identified the +0 plate armour of the Quick Shrike {rN+
                  | Str-4 Dex+3}
  4095 | D:4      | Found a shimmering blue altar of Sif Muna.
  4100 | D:4      | Found a broken altar of Ashenzari.
  4101 | D:4      | Found an ancient bone altar of Kikubaaqudgha.
  4101 | D:4      | Found an opulent altar of Gozag.
  4625 | D:4      | Became a worshipper of Gozag Ym Sagoz the Greedy
  4655 | D:5      | Entered Level 5 of the Dungeon
  4659 | D:5      | Reached skill level 5 in Stealth
  4689 | D:5      | Reached skill level 5 in Fighting
  4689 | D:5      | Reached skill level 1 in Armour
  4689 | D:5      | Reached XP level 8. HP: 62/62 MP: 8/8
  5407 | D:5      | Found a stormy altar of Qazlal.
  5673 | D:6      | Reached skill level 6 in Fighting
  5673 | D:6      | Reached skill level 5 in Dodging
  5923 | D:6      | Reached XP level 9. HP: 69/69 MP: 9/9
  6066 | D:6      | Found a white marble altar of Elyvilon.
  6374 | D:6      | Identified the +10 trident "Gytseenil" {freeze, rN++}
  6546 | D:7      | Found a basalt altar of Yredelemnul.
  6564 | D:7      | Reached skill level 1 in Polearms
  7153 | D:7      | Reached skill level 7 in Fighting
  7187 | D:7      | Found a sacrificial altar of Ru.
  7377 | D:7      | Found a staircase to the Ecumenical Temple.
  7388 | D:7      | Reached skill level 5 in Armour
  7393 | Temple   | Entered the Ecumenical Temple
  7444 | D:7      | Found a hide-covered altar of Uskayaw.
  7444 | D:7      | Noticed a +0 dagger
  7444 | D:7      | Noticed a +0 hand axe
  7757 | D:8      | Reached XP level 10. HP: 70/79 MP: 10/10
  7904 | D:8      | Reached skill level 8 in Fighting
  8167 | D:8      | Found a flagged portal.
  8186 | Bailey   | Entered a bailey
  8715 | Bailey   | Reached skill level 5 in Polearms
  9588 | D:8      | Reached XP level 11. HP: 87/87 MP: 11/11
  9598 | D:9      | Found Tevomaum's Distillery.
  9613 | D:9      | Bought a potion of mutation for 96 gold pieces
  9613 | D:9      | Bought a potion of curing for 36 gold pieces
  9613 | D:9      | Bought a potion of curing for 36 gold pieces
  9613 | D:9      | Bought 2 potions of curing for 72 gold pieces
  9613 | D:9      | Bought a potion of curing for 36 gold pieces
  9647 | D:9      | Gained mutation: You are somewhat resistant to further
                  | mutation. [potion of mutation]
  9652 | D:9      | Lost mutation: You are somewhat resistant to further
                  | mutation. [potion of mutation]
  9652 | D:9      | Gained mutation: You expend magic power (3 MP) to
                  | strengthen your wands. [potion of mutation]
  9652 | D:9      | Gained mutation: You are clumsy. (Dex -2) [potion of
                  | mutation]
  9653 | D:9      | Lost mutation: You are clumsy. (Dex -2) [potion of
                  | mutation]
  9653 | D:9      | Lost mutation: You expend magic power (3 MP) to strengthen
                  | your wands. [potion of mutation]
  9653 | D:9      | Gained mutation: You are vulnerable to cold. (rC-) [potion
                  | of mutation]
  9654 | D:9      | Lost mutation: You are vulnerable to cold. (rC-) [potion of
                  | mutation]
  9654 | D:9      | Gained mutation: Your mind is acute. (Int +4, Str/Dex -1)
                  | [potion of mutation]
  9654 | D:9      | Gained mutation: You are strong-willed. (Will+) [potion of
                  | mutation]
  9654 | D:9      | Gained mutation: Your spells are a little harder to cast,
                  | but a little more powerful. [potion of mutation]
  9693 | D:9      | Reached skill level 9 in Fighting
  9756 | D:9      | Noticed Harold
  9789 | D:9      | Killed Harold
  9790 | D:9      | Reached skill level 10 in Fighting
  9867 | D:9      | Noticed a two-headed ogre
  9895 | D:9      | Killed a two-headed ogre
 10039 | D:9      | Reached skill level 11 in Fighting
 10106 | D:9      | Found a staircase to the Orcish Mines.
 10221 | Orc:1    | Entered Level 1 of the Orcish Mines
 10379 | Orc:2    | Entered Level 2 of the Orcish Mines
 10600 | Orc:2    | Reached skill level 12 in Fighting
 10753 | Orc:2    | Noticed an orc sorcerer
 10765 | Orc:1    | Noticed an orc knight
 10766 | Orc:1    | Noticed a cyclops
 10781 | Orc:1    | Killed a cyclops
 10785 | Orc:1    | Killed an orc knight
 10799 | Orc:1    | Reached XP level 12. HP: 94/103 MP: 12/12
 11027 | Orc:2    | Reached skill level 13 in Fighting
 11237 | Orc:2    | Noticed a two-headed ogre
 11238 | Orc:2    | Noticed a two-headed ogre
 11238 | Orc:2    | Noticed a two-headed ogre
 11384 | Orc:1    | Killed a two-headed ogre
 11448 | Orc:2    | Noticed a two-headed ogre
 11452 | Orc:2    | Noticed a two-headed ogre
 11482 | Orc:1    | Demolished by a two-headed ogre

Illustrated notes

Levels and vault maps discovered:
D:1:      nagdon_arrival_double_spiral, layout_rooms,
          hellmonk_ecumenical_altar_lost_god, serial_shops,
          nicolae_shop_window_shopping, minmay_misc_feat_more_columns,
          grunt_decor_mini_mirrors, minmay_box_of_dots
D:2:      layout_basic, serial_corexii_hall, chequers_hall_statues_y,
          corexii_hall_statues_deadend, uniq_robin
D:3:      layout_basic, uniq_grinder, uniq_sigmund, uniq_jessica
D:4:      nicolae_cairo_tiling_large_dashed, layout_basic,
          chequers_temple_overflow_statue_of_worship,
          nicolae_overflow_crystal_walls, serial_shops, nicolae_shop_crystal,
          gup_sewer_entry_bowl, serial_bayou_pond_a,
          dreamdust_princess_corridor, minmay_fractal_squares_gapless_5
D:5:      layout_gridville, mainiacjoe_overflow_alcove_2, grunt_decor_resistance
D:6:      layout_basic, mainiacjoe_overflow_paths, serial_bayou_crossing
D:7:      layout_basic, dancing_weapons_uskayaw, mainiacjoe_overflow_catwalk,
          hangedman_ru_absence, minmay_temple_entry_enclosed_plants,
          serial_aquarium, aquarium_bridge_square [aquarium_subvault_bridge,
          aquarium_subvault_bridge, aquarium_subvault_window,
          aquarium_subvault_wall], aquarium_window_1, aquarium_window_fake,
          aquarium_window_fake, aquarium_window_fake, aquarium_view_2a,
          aquarium_view_4, aquarium_balcony_double_2
D:8:      layout_cave_pools, enter_bailey_7, nicolae_elevator_lobby_plus
D:9:      layout_roguey, david_orc_1_choice, serial_shops, shop, uniq_harold
Temple:   hellmonk_temple_two_chambers
Orc:1:    layout_caves
Orc:2:    st_orc_ogre_mass, layout_caves

Skill      XL: |  1  2  3  4  5  6  7  8  9 10 11 12 |
---------------+-------------------------------------+-----
Dodging        | 2 3 4 5 6 7 8 |  8.6
Stealth        | 2 4 5 |  5.2
Fighting       | 3 4 5 6 7 8 12 13 | 13.3
Ranged Weapons | 5 6 7 |  7.0
Armour         | 1 3 5 7 8 |  8.9
Polearms       | 3 5 6 7 |  7.2

Action                   |  1- 3 |  4- 6 |  7- 9 | 10-12 || total
-------------------------+-------+-------+-------+-------++-------
Melee: Trident           |       |       |   111 |   317 ||   428
 Fire: Shortbow          |   102 |    77 |   105 |    88 ||   372
       Arbalest          |       |       |       |    10 ||    10
Invok: Potion Petition   |       |       |       |     1 ||     1
 Abil: Dig               |       |       |       |     2 ||     2
Evoke: Wand              |       |       |     1 |    31 ||    32
  Use: Scroll            |     8 |     7 |     8 |    13 ||    36
       Potion            |       |     3 |     2 |    20 ||    25
 Stab: Distracted        |       |       |     2 |     2 ||     4
       Paralysed         |       |       |       |     2 ||     2
       Fleeing           |       |       |       |     1 ||     1
Armor: Leather armour    |    12 |       |       |       ||    12
       Chain mail        |     9 |    19 |       |       ||    28
       Plate armour      |       |       |    59 |   101 ||   160
Dodge: Dodged            |    37 |    15 |    20 |    44 ||   116
Block: Other             |     7 |    10 |       |       ||    17
       Tower shield      |       |       |   260 |   426 ||   686
       Reflection        |       |       |    16 |    15 ||    31

Table legend: (Time is in decaauts)
 A = Elapsed time spent in this place.
 B = Non-inter-level travel time spent in this place.
 C = Inter-level travel time spent in this place.
 D = Time resting spent in this place.
 E = Time spent auto-exploring this place.
 F = Levels seen in this place.
 G = Mean time per level.
                   A        B        C        D        E       F      G
               +--------+--------+--------+--------+--------+-----+--------+
         Total |  12046 |   5038 |   7008 |   1486 |      0 |  14 |  860.4 |
       Dungeon |   9217 |   2875 |   6342 |   1013 |      0 |   9 | 1024.1 |
        Temple |     23 |      1 |     22 |      0 |      0 |   1 |   23.0 |
  Orcish Mines |   1313 |    669 |    644 |    155 |      0 |   2 |  656.5 |
         Sewer |     83 |     83 |      0 |      0 |      0 |   1 |   83.0 |
        Bailey |   1408 |   1408 |      0 |    318 |      0 |   1 | 1408.0 |
               +--------+--------+--------+--------+--------+-----+--------+

Top non-repeatable levels by time:
     D:4: 1416 daAuts
  Bailey: 1408 daAuts
     D:3: 1403 daAuts
     D:7: 1170 daAuts
     D:2: 1167 daAuts
     D:6: 1016 daAuts
     D:5: 965 daAuts
     D:1: 757 daAuts
   Orc:2: 712 daAuts
     D:8: 667 daAuts
     D:9: 652 daAuts
   Orc:1: 600 daAuts
   Sewer: 83 daAuts
  Temple: 23 daAuts
